TOP OF THE 1ST |
San Diego Smashers batting - Pitching for Bismark Border Guards : RHP Michael Morris
|
Pitching: RHP Michael Morris
|
|
Batting: RHB John Bryant
|
0-0: SINGLE (Groundball, 34D)
|
Batting: LHB Karl Hill
|
0-0: Ball 1-0: Foul Ball, location: 2F 1-1: Hit by Pitch John Bryant to second
|
Batting: RHB Alfredo López
|
0-0: Swinging Strike 0-1: Ball 1-1: Called Strike 1-2: 3-RUN HOME RUN (Line Drive, 78XD), Distance : 402 ft
|
Batting: RHB Phil White
|
0-0: Called Strike 0-1: Ball 1-1: Swinging Strike 1-2: Fly out, F9 (Flyball, 89M)
|
Batting: RHB Marty Hendrickson
|
0-0: Foul Ball, location: 2F 0-1: Called Strike 0-2: Strikes out looking
|
Batting: RHB Fred Ameris
|
0-0: Foul Ball, location: 2F 0-1: Ball 1-1: Ball 2-1: Ball 3-1: Fly out, F9 (Flyball, 9LM)
|
Top of the 1st over - 3 run(s), 2 hit(s), 0 error(s), 0 left on base; San Diego 3 - Bismark 0 |
BOTTOM OF THE 1ST |
Bismark Border Guards batting - Pitching for San Diego Smashers : LHP Juan Mendoza
|
Pitching: LHP Juan Mendoza
|
|
Batting: RHB Doug Williams
|
0-0: Ball 1-0: Foul Ball, location: 2F 1-1: Ball 2-1: Ball 3-1: Foul Ball, location: 2F 3-2: Foul Ball, location: 2F 3-2: Reached on error, E6 (Groundball, 6)
|
Batting: RHB Tomás Carranza
|
0-0: Fly out, F6 (Popup, 6MD)
|
Batting: RHB Jeremy Carr
|
0-0: Called Strike 0-1: Ball 1-1: Foul Ball, location: 2F 1-2: SINGLE (Flyball, 9LS) Doug Williams to second Runner from 2nd tries for 3rd, SAFE, throw made to third
|
Batting: RHB Enrico Rodríguez
|
0-0: Ball 1-0: Ball 2-0: Called Strike 2-1: Called Strike 2-2: Strikes out swinging
|
Batting: RHB Mike Wright
|
0-0: Foul Ball, location: 2F 0-1: Ball Wild Pitch! Doug Williams scores Jeremy Carr to second 1-1: Called Strike 1-2: SINGLE (Groundball, 5D) Jeremy Carr to third Runner from 3rd tries for Home, SAFE, no throw or cutoff
|
Batting: SHB Nick Cox
|
0-0: Called Strike 0-1: Swinging Strike 0-2: Strikes out swinging
|
Bottom of the 1st over - 2 run(s), 2 hit(s), 1 error(s), 1 left on base; San Diego 3 - Bismark 2 |
TOP OF THE 2ND |
San Diego Smashers batting - Pitching for Bismark Border Guards : RHP Michael Morris
|
Batting: RHB Gilberto Guzmán
|
0-0: Ball 1-0: Fly out, F9 (Flyball, 9M)
|
Batting: LHB Francisco Medina
|
0-0: Ball 1-0: Foul Ball, location: 2F 1-1: SOLO HOME RUN (Flyball, 89D), Distance : 394 ft
|
Batting: RHB Ryan Cates
|
0-0: Swinging Strike 0-1: Fly out, F7 (Flyball, 78D)
|
Batting: RHB John Bryant
|
0-0: Swinging Strike 0-1: Called Strike 0-2: Ball 1-2: Strikes out swinging
|
Top of the 2nd over - 1 run(s), 1 hit(s), 0 error(s), 0 left on base; San Diego 4 - Bismark 2 |
BOTTOM OF THE 2ND |
Bismark Border Guards batting - Pitching for San Diego Smashers : LHP Juan Mendoza
|
Batting: LHB Rusty Herbert
|
0-0: Ball 1-0: Ball 2-0: Ground out 1-3 (Groundball, 13S)
|
Batting: RHB Alejandro Ramos
|
0-0: Called Strike 0-1: DOUBLE (Flyball, 78M)
|
Batting: RHB Reynaldo Slomp
|
0-0: Ball 1-0: Ball 2-0: Called Strike 2-1: Ball 3-1: Base on Balls
|
Batting: RHB Doug Williams
|
0-0: Ball 1-0: Foul Ball, location: 2F 1-1: Swinging Strike 1-2: Grounds into double play, U6-3 (Groundball, 6M)
|
Bottom of the 2nd over - 0 run(s), 1 hit(s), 0 error(s), 1 left on base; San Diego 4 - Bismark 2 |
TOP OF THE 3RD |
San Diego Smashers batting - Pitching for Bismark Border Guards : RHP Michael Morris
|
Batting: LHB Karl Hill
|
0-0: Ball 1-0: Called Strike 1-1: Foul Ball, location: 2F 1-2: Ball 2-2: Ball 3-2: Foul Ball, location: 2F 3-2: Ground out U3 (Groundball, 3)
|
Batting: RHB Alfredo López
|
0-0: Ball 1-0: Foul Ball, location: 2F 1-1: Ground out 4-3 (Groundball, 4)
|
Batting: RHB Phil White
|
0-0: Called Strike 0-1: Foul Ball, location: 2F 0-2: Ball 1-2: SINGLE (Groundball, 6M)
|
Batting: RHB Marty Hendrickson
|
0-0: Called Strike 0-1: Swinging Strike 0-2: Ball 1-2: Ball Passed Ball! Phil White to second 2-2: Strikes out swinging
|
Top of the 3rd over - 0 run(s), 1 hit(s), 0 error(s), 1 left on base; San Diego 4 - Bismark 2 |
BOTTOM OF THE 3RD |
Bismark Border Guards batting - Pitching for San Diego Smashers : LHP Juan Mendoza
|
Batting: RHB Tomás Carranza
|
0-0: Ball 1-0: Ball 2-0: Foul Ball, location: 2F 2-1: Swinging Strike 2-2: Ball 3-2: Base on Balls
|
Batting: RHB Jeremy Carr
|
0-0: Foul Ball, location: 2F 0-1: Ball 1-1: Swinging Strike 1-2: Strikes out swinging
|
Batting: RHB Enrico Rodríguez
|
0-0: Ball 1-0: Foul Ball, location: 2F 1-1: Ball 2-1: Swinging Strike 2-2: Strikes out swinging
|
Batting: RHB Mike Wright
|
0-0: Called Strike 0-1: Foul Ball, location: 2F 0-2: Ball 1-2: Ball 2-2: Ground out 5-3 (Groundball, 56S)
|
Bottom of the 3rd over - 0 run(s), 0 hit(s), 0 error(s), 1 left on base; San Diego 4 - Bismark 2 |
TOP OF THE 4TH |
San Diego Smashers batting - Pitching for Bismark Border Guards : RHP Michael Morris
|
Batting: RHB Fred Ameris
|
0-0: Swinging Strike 0-1: Ball 1-1: Ball 2-1: Ground out 6-3 (Groundball, 6)
|
Batting: RHB Gilberto Guzmán
|
0-0: Foul Ball, location: 2F 0-1: Ball 1-1: Swinging Strike 1-2: Strikes out swinging
|
Batting: LHB Francisco Medina
|
0-0: Ball 1-0: Called Strike 1-1: Foul Ball, location: 2F 1-2: Fly out, F9 (Line Drive, 89M)
|
Top of the 4th over - 0 run(s), 0 hit(s), 0 error(s), 0 left on base; San Diego 4 - Bismark 2 |
BOTTOM OF THE 4TH |
Bismark Border Guards batting - Pitching for San Diego Smashers : LHP Juan Mendoza
|
Batting: SHB Nick Cox
|
0-0: Called Strike 0-1: Ball 1-1: Foul Ball, location: 2F 1-2: Ball 2-2: Strikes out swinging
|
Batting: LHB Rusty Herbert
|
0-0: SINGLE (Groundball, 34D)
|
Batting: RHB Alejandro Ramos
|
0-0: Called Strike 0-1: Foul Ball, location: 2F 0-2: Fly out, F7 (Flyball, 7M) 0-2: Fly out, F7 (Flyball, 7M)
|
Batting: RHB Reynaldo Slomp
|
0-0: Called Strike 0-1: Ball 1-1: Ball 2-1: Foul Ball, location: 2F 2-2: Foul Ball, location: 2F Pickoff Throw to First - Out!
|
Bottom of the 4th over - 0 run(s), 1 hit(s), 0 error(s), 0 left on base; San Diego 4 - Bismark 2 |
TOP OF THE 5TH |
San Diego Smashers batting - Pitching for Bismark Border Guards : RHP Michael Morris
|
Batting: RHB Ryan Cates
|
0-0: Swinging Strike 0-1: Called Strike 0-2: Ball 1-2: Foul Ball, location: 2F 1-2: Ground out 6-3 (Groundball, 6M)
|
Batting: RHB John Bryant
|
0-0: Ground out 5-3 (Groundball, 5L)
|
Batting: LHB Karl Hill
|
0-0: Foul Ball, location: 2F 0-1: Ball 1-1: Called Strike 1-2: Ground out 6-3 (Groundball, 6M)
|
Top of the 5th over - 0 run(s), 0 hit(s), 0 error(s), 0 left on base; San Diego 4 - Bismark 2 |
BOTTOM OF THE 5TH |
Bismark Border Guards batting - Pitching for San Diego Smashers : LHP Juan Mendoza
|
Batting: RHB Reynaldo Slomp
|
0-0: Ball 1-0: Swinging Strike 1-1: SINGLE (Flyball, 9S)
|
Batting: RHB Doug Williams
|
0-0: Ball 1-0: Foul Ball, location: 2F 1-1: Ball 2-1: Ball 3-1: Base on Balls Reynaldo Slomp to second
|
Batting: RHB Tomás Carranza
|
0-0: Called Strike 0-1: Foul Ball, location: 2F 0-2: Ball 1-2: Ball 2-2: Fly out, F8 (Line Drive, 8LS)
|
Pitching: RHP Bill Elliott
|
|
Batting: RHB Jeremy Carr
|
0-0: Called Strike 0-1: Ball 1-1: Grounds into double play, 5-4-3 (Groundball, 5)
|
Bottom of the 5th over - 0 run(s), 1 hit(s), 0 error(s), 1 left on base; San Diego 4 - Bismark 2 |
TOP OF THE 6TH |
San Diego Smashers batting - Pitching for Bismark Border Guards : RHP Michael Morris
|
Batting: RHB Alfredo López
|
0-0: Called Strike 0-1: Ground out 1-3 (Groundball, 15)
|
Batting: RHB Phil White
|
0-0: Ball 1-0: Ground out 1-3 (Groundball, 25)
|
Batting: RHB Marty Hendrickson
|
0-0: Ball 1-0: Foul Ball, location: 2F 1-1: Fly out, F7 (Flyball, 78D)
|
Top of the 6th over - 0 run(s), 0 hit(s), 0 error(s), 0 left on base; San Diego 4 - Bismark 2 |
BOTTOM OF THE 6TH |
Bismark Border Guards batting - Pitching for San Diego Smashers : RHP Bill Elliott
|
Batting: RHB Enrico Rodríguez
|
0-0: Ball 1-0: Ball 2-0: Ball 3-0: Called Strike 3-1: Foul Ball, location: 2F 3-2: Base on Balls
|
Batting: RHB Mike Wright
|
0-0: Called Strike Enrico Rodríguez is caught stealing 2nd base 0-1: Ground out 1-3 (Groundball, 15)
|
Batting: SHB Nick Cox
|
0-0: Foul Ball, location: 2F 0-1: Ball 1-1: Foul Ball, location: 2F 1-2: Foul Ball, location: 2F 1-2: Foul Ball, location: 2F 1-2: Ball 2-2: Ground out 4-3 (Groundball, 4M)
|
Bottom of the 6th over - 0 run(s), 0 hit(s), 0 error(s), 0 left on base; San Diego 4 - Bismark 2 |
TOP OF THE 7TH |
San Diego Smashers batting - Pitching for Bismark Border Guards : RHP Michael Morris
|
Batting: RHB Fred Ameris
|
0-0: Swinging Strike 0-1: Swinging Strike 0-2: Ball 1-2: Ball 2-2: Ball 3-2: Base on Balls
|
Batting: RHB Gilberto Guzmán
|
0-0: Ball 1-0: Called Strike Fred Ameris steals 2nd base 1-1: Foul Ball, location: 2F 1-2: Strikes out looking
|
Batting: LHB Francisco Medina
|
0-0: Intentional Walk
|
Pinch Hitting: RHB Manuel Muñóz
|
0-0: Reached on error, E1 (Groundball, 23) Fred Ameris to third Francisco Medina to second
|
Pitching: RHP Edward Hastings
|
|
Batting: RHB John Bryant
|
0-0: Ball 1-0: Ball 2-0: Called Strike 2-1: Grounds into double play, 4-6-3 (Groundball, 34)
|
Top of the 7th over - 0 run(s), 0 hit(s), 1 error(s), 2 left on base; San Diego 4 - Bismark 2 |
BOTTOM OF THE 7TH |
Bismark Border Guards batting - Pitching for San Diego Smashers : RHP Bill Elliott
|
Now at 3B: John Nelson
|
|
Batting: LHB Rusty Herbert
|
0-0: Ball 1-0: Ground out 6-3 (Groundball, 6M)
|
Pitching: RHP Enrique Sánchez
|
|
Batting: RHB Alejandro Ramos
|
0-0: Ball 1-0: DOUBLE (Popup, 6D)
|
Batting: RHB Reynaldo Slomp
|
0-0: Ball 1-0: Ground out 5-3 (Groundball, 5L)
|
Batting: RHB Doug Williams
|
0-0: Ball 1-0: Ball 2-0: Ball 3-0: Called Strike 3-1: Base on Balls
|
Pinch Runner at 2nd Edward Melton:
|
|
Pinch Hitting: LHB Héctor Rentería
|
0-0: Swinging Strike 0-1: Ball 1-1: 3-RUN HOME RUN (Flyball, 9D), Distance : 371 ft
|
Pitching: LHP Geoff Williams
|
|
Batting: RHB Jeremy Carr
|
0-0: Ball 1-0: Ball 2-0: Foul Ball, location: 2F 2-1: Ball 3-1: Base on Balls
|
Batting: RHB Enrico Rodríguez
|
0-0: Called Strike 0-1: Ground out U3 (Groundball, 3S)
|
Bottom of the 7th over - 3 run(s), 2 hit(s), 0 error(s), 1 left on base; San Diego 4 - Bismark 5 |
TOP OF THE 8TH |
San Diego Smashers batting - Pitching for Bismark Border Guards : RHP Edward Hastings
|
Pitching: RHP Beau Murphy
|
|
Now at 1B: Héctor Rentería
|
|
Now in CF: Vicente Pagán
|
|
Batting: LHB Karl Hill
|
0-0: Ball 1-0: Ball 2-0: Called Strike 2-1: Ground out 6-3 (Groundball, 6M)
|
Batting: RHB Alfredo López
|
0-0: Called Strike 0-1: Ball 1-1: Fly out, F8 (Flyball, 8LM)
|
Batting: RHB Phil White
|
0-0: SINGLE (Flyball, 8RS)
|
Batting: RHB Marty Hendrickson
|
0-0: Ball 1-0: Foul Ball, location: 2F 1-1: Swinging Strike 1-2: Hit by Pitch Phil White to second
|
Batting: RHB Fred Ameris
|
0-0: Swinging Strike 0-1: Ball 1-1: Swinging Strike 1-2: Ball 2-2: Strikes out swinging
|
Top of the 8th over - 0 run(s), 1 hit(s), 0 error(s), 2 left on base; San Diego 4 - Bismark 5 |
BOTTOM OF THE 8TH |
Bismark Border Guards batting - Pitching for San Diego Smashers : LHP Geoff Williams
|
Batting: RHB Mike Wright
|
0-0: Ball 1-0: Ground out 5-3 (Groundball, 5L)
|
Batting: SHB Nick Cox
|
0-0: Called Strike 0-1: Swinging Strike 0-2: Strikes out swinging
|
Batting: LHB Rusty Herbert
|
0-0: Called Strike 0-1: Ball 1-1: Foul Ball, location: 2F 1-2: Ball 2-2: Strikes out looking
|
Bottom of the 8th over - 0 run(s), 0 hit(s), 0 error(s), 0 left on base; San Diego 4 - Bismark 5 |
TOP OF THE 9TH |
San Diego Smashers batting - Pitching for Bismark Border Guards : RHP Beau Murphy
|
Pitching: RHP César Rodríguez
|
|
Pinch Hitting: LHB Ramiro Martínez
|
0-0: Fly out, F1 (Line Drive, 15)
|
Batting: LHB Francisco Medina
|
0-0: Ball 1-0: Ground out 4-3 (Groundball, 4)
|
Pinch Hitting: SHB Adrián Nieto
|
0-0: Ball 1-0: Foul Ball, location: 2F 1-1: Ball 2-1: Foul Ball, location: 2F 2-2: Fly out, F7 (Flyball, 7M)
|
Top of the 9th over - 0 run(s), 0 hit(s), 0 error(s), 0 left on base; San Diego 4 - Bismark 5 |
|